 Dungeon Crawl Stone Soup version 0.28.0-53-g5a82cb258f (webtiles) character file.

Game seed: 14081986888160298567

606 mcbry74 the Basher (level 7, -1/56 HPs)
             Began as a Minotaur Gladiator on July 1, 2022.
             Was a Follower of Uskayaw.
             Slain by a river rat (2 damage)
             ... summoned by Eustachio
             ... on level 4 of the Dungeon.
             The game lasted 00:10:45 (3785 turns).

mcbry74 the Basher (Minotaur Gladiator)             Turns: 3785, Time: 00:10:46

Health: -1/56      AC:  7    Str: 19      XL:     7   Next: 19%
Magic:  6/6        EV: 12    Int:  7      God:    Uskayaw [*.....]
Gold:   113        SH:  0    Dex: 10 (11) Spells: 6/6 levels left

rFire   . . .      SeeInvis .   a - +0 flail
rCold   . . .      Faith    .   (no shield)
rNeg    + . .      Spirit   .   b - +0 leather armour
rPois   .          Reflect  .   c - +0 hat
rElec   .          Harm     .   (no cloak)
rCorr   .          Rampage  .   (no gloves)
Will    .....                   (no boots)
Stlth   +.........              (no amulet)
HPRegen 0.18/turn               e - ring of positive energy
MPRegen 0.10/turn               y - +4 ring of protection

@: attractive, flying
A: horns 2, retaliatory headbutt
a: Renounce Religion, Stomp


You were on level 4 of the Dungeon.
You worshipped Uskayaw.
Uskayaw was noncommittal.
You visited 1 branch of the dungeon, and saw 4 of its levels.

You collected 113 gold pieces.

Inventory:

Hand Weapons
 a - a +0 flail (weapon)
 t - a +0 war axe
Missiles
 d - 2 throwing nets
 f - 71 stones
 q - 41 arrows
 r - 42 bolts
 w - 6 poisoned darts (quivered)
Armour
 b - a +0 leather armour (worn)
 c - a +0 hat (worn)
Magical Staves
 h - a staff of earth
Jewellery
 e - a ring of positive energy (left hand)
 y - a +4 ring of protection (right hand)
Wands
 x - a wand of flame (22)
Scrolls
 g - a scroll of immolation {unknown}
 i - a scroll of brand weapon {unknown}
 j - a scroll of fear
 l - a scroll of noise {unknown}
 s - 2 scrolls of identify {unknown}
 u - a scroll of fog {unknown}
Potions
 k - 4 potions of flight
 m - a potion of cancellation {unknown}
 n - a potion of attraction
 o - a potion of ambrosia {unknown}
 p - a potion of mutation {unknown}
 v - 2 potions of curing {unknown}
 z - a potion of invisibility {unknown}


   Skills:
 - Level 2.4 Fighting
 * Level 8.4 Maces & Flails
 + Level 4.8 Throwing
 - Level 3.2 Dodging


You had 6 spell levels left.
You didn't know any spells.
Your spell library was empty.

Dungeon Overview and Level Annotations

Branches:
Dungeon (4/15)             Temple (0/1) D:4

Altars:
Fedhas
Kikubaaqudgha
Uskayaw

Annotations:
D:4 Eustachio


Innate Abilities, Weirdness & Mutations

You have a pair of horns on your head.
You reflexively headbutt those who attack you in melee.


Message History

You hit the white imp.
You kill the white imp!
The white imp disappears in a puff of smoke!
The quokka closely misses you.
The river rat bites you but does no damage.
You sock Eustachio!
Eustachio is almost dead.
Eustachio hits you but does no damage. The quokka barely misses you.
You furiously retaliate!
You headbutt the quokka!
You kill the quokka!
The quokka's corpse disappears in a puff of smoke!
You closely miss Eustachio.
Eustachio is almost dead.
Eustachio hits you but does no damage. The river rat bites you.
You hit Eustachio.
Eustachio is almost dead.
The river rat barely misses you.
Eustachio gestures wildly while chanting.
Eustachio blinks!
The river rat bites you.
* * * LOW HITPOINT WARNING * * *
You miss the ufetubus. You headbutt the ufetubus.
You kill the ufetubus!
The ufetubus disappears in a puff of smoke!
The shadow imp gestures at you. Pain shoots through your body!
* * * LOW HITPOINT WARNING * * *
The river rat bites you.
* * * LOW HITPOINT WARNING * * *
The river rat bites you.
* * * LOW HITPOINT WARNING * * *
It was a potion of flight.
You feel very buoyant.
You fly up into the air.
The river rat bites you but does no damage.
The river rat bites you.
* * * LOW HITPOINT WARNING * * *
It was a potion of attraction.
You feel attractive to monsters. The river rat bites you.
You die...

>.⌠# ... ....### #.. .⌠....
#.# ### ....# #.#
##.####..## #.#
##.........#.####<#
#..5.....#......#.###.#
##..###rr##@>##)).....#
#)..#.#r@5..##.####.##
###..#.#########.### #
#.....#.# #...#
#.##.###.### #.#.# #
####.#........# ###...##.#
#.............###........##
#.##.#.....<...#...........
# #.#........)............
..#........##...........


You could see Eustachio, 3 river rats and a shadow imp (summoned).

Vanquished Creatures
  Sigmund (D:2)
  The ghost of NiggerDarts the Skirmisher, an amateur HuFi of Xom (D:3)
  A kobold brigand (D:3)
  An iguana (D:3)
  An orc wizard (D:2)
  Natasha (thrice) (D:2)
  4 gnolls
  An adder (D:2)
  An adder skeleton (D:4)
  A worm (D:4)
  3 dart slugs
  6 orcs
  5 ball pythons
  3 endoplasms (D:1)
  3 goblins
  5 hobgoblins
  A quokka (D:3)
  8 bats
  3 frilled lizards
  10 kobolds
  7 rats
69 creatures vanquished.

Vanquished Creatures (others)
  4 fungi (D:3)
  A plant (D:3)
5 creatures vanquished.

Grand Total: 74 creatures vanquished

Notes
Turn   | Place    | Note
-------+----------+-------------------------------------------
     0 | D:1      | mcbry74 the Minotaur Gladiator began the quest for the Orb.
     0 | D:1      | Reached XP level 1. HP: 18/18 MP: 0/0
    56 | D:1      | Reached skill level 4 in Maces & Flails
    66 | D:1      | Reached XP level 2. HP: 23/25 MP: 1/1
   580 | D:1      | Found a faded altar of an unknown god.
   585 | D:1      | Reached XP level 3. HP: 30/30 MP: 2/2
   690 | D:1      | Prayed at the altar of an unknown god.
   690 | D:1      | Became a worshipper of Uskayaw the Reveller
   690 | D:1      | Reached * piety under Uskayaw
   773 | D:2      | Noticed Natasha
   776 | D:2      | Killed Natasha
   776 | D:2      | Reached ** piety under Uskayaw
   777 | D:2      | Reached skill level 5 in Maces & Flails
   864 | D:2      | Noticed Natasha
   873 | D:2      | Killed Natasha
   874 | D:2      | Reached XP level 4. HP: 18/37 MP: 3/3
  1055 | D:2      | Noticed Natasha
  1064 | D:2      | Killed Natasha
  1408 | D:2      | Reached skill level 6 in Maces & Flails
  1412 | D:2      | Reached XP level 5. HP: 21/42 MP: 0/4
  1811 | D:2      | Noticed Sigmund
  2261 | D:2      | Killed Sigmund
  2262 | D:2      | Reached skill level 7 in Maces & Flails
  2262 | D:2      | Reached XP level 6. HP: 48/50 MP: 5/5
  2605 | D:3      | Found an ancient bone altar of Kikubaaqudgha.
  2658 | D:3      | Found a runed translucent gate.
  2658 | D:3      | Found a runed translucent gate.
  2658 | D:3      | Found a runed translucent gate.
  2659 | D:3      | Noticed NiggerDarts's ghost (amateur HuFi)
  2694 | D:3      | Reached *** piety under Uskayaw
  2695 | D:3      | Killed NiggerDarts's ghost
  2696 | D:3      | Reached skill level 8 in Maces & Flails
  2700 | D:3      | Reached **** piety under Uskayaw
  2702 | D:3      | Reached XP level 7. HP: 9/56 MP: 6/6
  3329 | D:3      | Found a blossoming altar of Fedhas.
  3730 | D:4      | Noticed Eustachio
  3760 | D:4      | Found a staircase to the Ecumenical Temple.
  3783 | D:4      | HP: 2/56 [river rat[Eustachio] (2)]
  3785 | D:4      | Slain by a river rat

Illustrated notes

Levels and vault maps discovered:
D:1:      dpeg_arrival_more_subterranean_lakeside_camping, layout_basic,
          hellmonk_ecumenical_altar_pennies_from_heaven, minmay_surrounded
D:2:      layout_basic, dk_vineyard_3, uniq_sigmund, uniq_natasha
D:3:      layout_basic, nicolae_kikubaaqudgha_miasma_corner, fedhas_altar_3,
          gammafunk_ghost_nasty_kobolds
D:4:      layout_loops_cross, mainiacjoe_overflow_concentric_impassable,
          nicolae_ru_path_of_blood, temple_fountains, uniq_eustachio,
          uniq_grinder, uniq_crazy_yiuf_cottage, uniq_ijyb

Skill      XL: |  1  2  3  4  5  6 |
---------------+-------------------+-----
Maces & Flails | 4 5 6 7 8 |  8.4
Throwing       | 3 4 |  4.8
Fighting       | |  2.4
Dodging        | |  3.2

Action                   |  1- 3 |  4- 6 |  7- 9 || total
-------------------------+-------+-------+-------++-------
Melee: Flail             |    43 |    68 |    59 ||   170
       Headbutt          |     6 |    13 |    11 ||    30
       Punch             |       |     1 |       ||     1
Throw: Throwing net      |       |     1 |       ||     1
       Dart              |       |       |     1 ||     1
Invok: Stomp             |       |     2 |     1 ||     3
       Line Pass         |       |       |     2 ||     2
  Use: Potion            |       |     1 |     2 ||     3
       Scroll            |       |     1 |       ||     1
 Stab: Held in net/web   |       |     1 |       ||     1
       Paralysed         |       |     1 |       ||     1
Armor: Leather armour    |    10 |     7 |    39 ||    56
Dodge: Dodged            |    32 |    17 |    51 ||   100
